 Dungeon Crawl Stone Soup version 0.29.0-5-ge4962eb29e (webtiles) character file.

Game seed: 12141953217727166890

969 FluffGlitter the Magician (level 7, -4/36 HPs)
             Began as a Deep Elf Fire Elementalist on Aug 28, 2022.
             Slain by Blork the orc
             ... wielding a +1 scimitar of holy wrath
              (11 damage)
             ... on level 5 of the Dungeon.
             The game lasted 00:35:10 (5733 turns).

FluffGlitter the Magician (DEFE)                    Turns: 5733, Time: 00:35:11

Health: -4/36      AC:  8    Str:  5    XL:     7   Next: 94%
Magic:  11/19      EV: 13    Int: 22    God:
Gold:   226        SH:  0    Dex: 15    Spells: 13/20 levels left

rFire   . . .      SeeInvis .   a - +3 dagger (freeze)
rCold   . . .      Faith    .   (no shield)
rNeg    . . .      Spirit   .   z - +1 robe {Will+}
rPois   .          Reflect  .   (no helmet)
rElec   .          Harm     .   r - +0 cloak
rCorr   .          Rampage  .   (no gloves)
Will    +....                   (no boots)
Stlth   ++........              (no amulet)
HPRegen 0.12/turn               p - +4 ring of protection
MPRegen 0.16/turn               (no ring)

@: no status effects
A: no striking features
a: no special abilities


You were on level 5 of the Dungeon.
You visited 1 branch of the dungeon, and saw 6 of its levels.
You also visited: Ossuary.

You collected 408 gold pieces.
You spent 182 gold pieces at shops.

Inventory:

Hand Weapons
 a - a +3 dagger of freezing (weapon)
 b - a +0 quarterstaff
Missiles
 h - a throwing net
Armour
 r - a +0 cloak (worn)
 z - a +1 robe of willpower (worn)
Jewellery
 p - a +4 ring of protection (left hand)
 v - a ring of flight
Scrolls
 c - a scroll of silence
 d - a scroll of enchant armour
 e - a scroll of teleportation {unknown}
 f - 3 scrolls of brand weapon
 g - a scroll of poison
 w - a scroll of fog
Potions
 i - 3 potions of curing
 k - a potion of attraction {unknown}
 l - a potion of brilliance {unknown}
 m - 4 potions of heal wounds {unknown}
 n - a potion of invisibility {unknown}
 o - a potion of resistance {unknown}
 s - a potion of mutation {unknown}
 t - a potion of ambrosia {unknown}
 u - a potion of magic
 x - a potion of haste


   Skills:
 - Level 3.0 Dodging
 - Level 3.0 Stealth
 + Level 7.3 Spellcasting
 + Level 5.5 Conjurations
 + Level 6.5 Fire Magic


You had 13 spell levels left.
You knew the following spells:

 Your Spells              Type           Power      Damage    Failure   Level
a - Foxfire               Conj/Fire      100%       2x1d9     1%          1
b - Conjure Flame         Conj/Fire      34%        6-21      1%          3
c - Stone Arrow           Conj/Erth      40%        3d9       8%          3

Your spell library contained the following spells:

 Spells                   Type           Power      Damage    Failure   Level
 Scorch                   Fire           72%        2d8       1%          2
 Inner Flame              Hex/Fire       22%        N/A       6%          3
 Flame Wave               Conj/Fire      34%        2d10      7%          4
 Sandblast                Erth           16%        2d6       8%          1
 Passwall                 Tmut/Erth      6%         N/A       12%         2
 Call Canine Familiar     Summ           8%         N/A       24%         3
 Portal Projectile        Hex/Tloc       16%        N/A       24%         3
 Leda's Liquefaction      Hex/Erth       4%         N/A       61%         4


Dungeon Overview and Level Annotations

Branches:
Dungeon (6/15)            Ossuary (visited)
 Temple: D:4-7

Altars:

Shops:
D:4 !   D:5 *(

Annotations:
D:2 1 runed translucent door, Crazy Yiuf
D:5 Blork the orc


Message History

Blork the orc mumbles some strange words.
Blork the orc seems to speed up.
Your foxfire dissipates!
The foxfire hits the iguana.
The iguana is heavily wounded.
The foxfire hits the iguana!
You kill the iguana!
The foxfire hits Blork the orc.
Blork the orc is lightly wounded.
The foxfire hits Blork the orc.
Blork the orc is moderately wounded.
Casting: Foxfire (safe; 1% risk of failure)
Confirm with . or Enter, or press ? or * to list all spells.
The fire begins to smoulder!
Blork the orc points at you and mumbles some strange words.
The puff of frost hits you.
Blork the orc smothers the flame.
Casting: Conjure Flame (safe; 1% risk of failure)
Confirm with . or Enter, or press ? or * to list all spells.
You conjure some foxfire!
Blork the orc hits you with a +1 scimitar of holy wrath!
Blork the orc hits you with a +1 scimitar of holy wrath.
Casting: Foxfire (safe; 1% risk of failure)
Confirm with . or Enter, or press ? or * to list all spells.
You conjure some foxfire!
The foxfire hits Blork the orc.
Blork the orc is moderately wounded.
Blork the orc points at you and mumbles some strange words.
The puff of flame hits you.
The foxfire hits Blork the orc.
Blork the orc is heavily wounded.
Casting: Foxfire (safe; 1% risk of failure)
Confirm with . or Enter, or press ? or * to list all spells.
You conjure some foxfire!
The foxfire hits Blork the orc.
Blork the orc is heavily wounded.
The foxfire hits Blork the orc!
Blork the orc is almost dead.
Blork the orc points at you and mumbles some strange words.
The puff of flame hits you!
* * * LOW HITPOINT WARNING * * *
Blork the orc hits you with a +1 scimitar of holy wrath!
You die...

##......##..# .##.#
#.......##..##.##.#
#..........###.##.# ...
###..÷.......# #.#... >..#.
.............# #....# .....
###..........# #..#.# .....#
##.........###§##.# .....#
###..........##v.##.##.....#
.##............§@o..........
.##............§v##.........
.#............##.##..<".....
...................##.#...#.
#.....≈≈≈≈≈≈≈≈≈≈≈≈.# .....#
#...#.≈..........≈.# ..?....
..#...≈.≈≈≈≈≈≈≈≈.≈.# ......#
.##...≈.≈......≈.≈.# .....##
###...≈.≈.≈≈≈≈.≈.≈.# .......


You could see Blork the orc (fast, ally target).

Vanquished Creatures
  Menkaure (D:5)
  Duvessa (D:5)
  A black bear (D:4)
  An ogre (D:4)
  3 scorpions
  Dowan (D:5)
  A hound (D:5)
  3 iguanas
  8 mummies (Ossuary)
  4 gnolls (D:3)
  4 adders
  2 worms
  2 dart slugs
  5 orcs
  5 endoplasms
  A giant cockroach (D:4)
  6 hobgoblins
  5 jackals
  7 ball pythons
  2 bats
  2 frilled lizards
  2 goblins
  2 hobgoblin zombies (Ossuary)
  7 kobolds
  3 kobold zombies (Ossuary)
  3 orc zombies (Ossuary)
  3 rats
85 creatures vanquished.

Vanquished Creatures (others)
  335 foxfires
  3 plants (D:1)
  2 withered plants (D:1)
340 creatures vanquished.

Grand Total: 425 creatures vanquished

Notes
Turn   | Place    | Note
-------+----------+-------------------------------------------
     0 | D:1      | FluffGlitter the Deep Elf Fire Elementalist began the quest
                  | for the Orb.
     0 | D:1      | Reached XP level 1. HP: 10/10 MP: 6/6
   265 | D:1      | Found a faded altar of an unknown god.
   331 | D:1      | Reached XP level 2. HP: 15/15 MP: 4/8
  1095 | D:2      | Reached XP level 3. HP: 19/19 MP: 5/9
  1781 | D:2      | Learned a level 3 spell: Conjure Flame
  1908 | D:2      | Found a runed translucent door.
  1909 | D:2      | Noticed Crazy Yiuf
  2627 | D:3      | Reached XP level 4. HP: 24/24 MP: 6/11
  2631 | D:3      | Reached skill level 4 in Spellcasting
  3035 | D:4      | Found a sand-covered staircase.
  3040 | Ossuary  | Entered an ossuary
  3263 | Ossuary  | Reached XP level 5. HP: 28/28 MP: 11/13
  3614 | D:5      | Entered Level 5 of the Dungeon
  3745 | D:3      | Reached skill level 5 in Spellcasting
  4026 | D:4      | Reached XP level 6. HP: 32/32 MP: 10/15
  4293 | D:4      | Reached skill level 5 in Fire Magic
  4548 | D:4      | Reached skill level 6 in Spellcasting
  4625 | D:4      | Found Curchaodd's Distillery.
  4651 | D:4      | Bought a potion of haste for 140 gold pieces
  4651 | D:4      | Bought a potion of curing for 42 gold pieces
  4771 | D:4      | Reached XP level 7. HP: 36/36 MP: 13/18
  5138 | D:5      | Noticed Duvessa
  5154 | D:5      | Killed Duvessa
  5154 | D:5      | Noticed Dowan
  5161 | D:5      | Killed Dowan
  5162 | D:5      | Reached skill level 5 in Conjurations
  5421 | D:5      | Found Sihyvimp's Antique Weapon Boutique.
  5452 | D:5      | Learned a level 3 spell: Stone Arrow
  5455 | D:5      | Noticed Menkaure
  5512 | D:5      | Killed Menkaure
  5513 | D:5      | Reached skill level 7 in Spellcasting
  5688 | D:5      | Found Guimiadgh's General Store.
  5721 | D:5      | Noticed Blork the orc
  5733 | D:5      | Slain by Blork the orc

Illustrated notes

Levels and vault maps discovered:
D:1:      onia_arrival_pyramid, layout_rooms,
          shapermc_ecumenical_altar_flowoftime
D:2:      minmay_evil_eye, layout_loops_ring, kennysheep_generic_room_16,
          uniq_crazy_yiuf_cottage
D:3:      layout_rooms, grunt_ministairs_15, amethyst_killhole
D:4:      layout_basic, serial_shops, shop,
          nicolae_ossuary_entry_false_entrances
D:5:      layout_rooms, serial_shops, shop, nicolae_square_shop,
          nicolae_inconvenience_store, kennysheep_mini_moat,
          hellmonk_ghost_happy_afterlife, uniq_menkaure, uniq_blork_the_orc,
          uniq_duvessa
D:6:      layout_rooms, chequers_temple_overflow_statue_of_worship,
          minmay_temple_entry_large_hall

Skill      XL: |  1  2  3  4  5  6  7 |
---------------+----------------------+-----
Stealth        | 3 |  3.0
Dodging        | 3 |  3.0
Conjurations   | 2 3 4 5 |  5.5
Spellcasting   | 4 5 6 7 |  7.3
Fire Magic     | 4 5 6 |  6.5

Action                   |  1- 3 |  4- 6 |  7- 9 || total
-------------------------+-------+-------+-------++-------
Melee: Unarmed           |     6 |       |       ||     6
       Punch             |     1 |       |       ||     1
       Dagger            |     1 |     4 |       ||     5
 Cast: Foxfire           |    78 |    83 |    52 ||   213
       Conjure Flame     |       |     4 |     4 ||     8
       Stone Arrow       |       |       |     1 ||     1
  Use: Scroll            |       |     8 |     5 ||    13
 Stab: Sleeping          |     1 |       |       ||     1
Armor: Robe              |     2 |     1 |     3 ||     6
Dodge: Dodged            |    15 |     8 |    10 ||    33
